Map: 애씨드 플랜트 - 래더

Players

SuperNova - Winner!

  • Race: Terran Terran
  • League: Grandmaster
  • Spawn Location: 11:00

llllllllllll

  • Race: Terran Terran
  • League: Grandmaster
  • Spawn Location: 5:00

VOD

Have the link to the VOD?

Description

Time

  • Played on: Oct. 18, 2018, 2:34 a.m.
  • Length: 16:10
Show
View Real Time Build Order
Export as new Build Order

SuperNova Terran - Winner!

Build Orders: Cyclone Opening, Mech 

Get SALT Encoding   

  12  0:01  SCV  
  13  0:13  SCV  
  14  0:17  Supply Depot  
  14  0:25  SCV  
  15  0:31  Refinery  
  15  0:38  SCV  
  16  0:45  Barracks  
  16  0:50  SCV  
  17  1:03  SCV  
  18  1:15  SCV  
  19  1:32  Orbital Command, Reaper  
  20  1:44  Command Center  
  20  1:59  SCV  
  20  2:00  Factory  
  21  2:09  Barracks Reactor  
  21  2:11  SCV  
  21  2:13  Refinery  
  22  2:20  Supply Depot  
  22  2:23  SCV  
  23  2:41  SCV  
  24  2:52  Cyclone  
  24  2:53  Hellion  
  24  2:54  SCV  
  30  3:03  Orbital Command  
  30  3:07  SCV  
  31  3:14  Cyclone  
  31  3:19  SCV  
  35  3:25  Cyclone  
  38  3:29  SCV  
  38  3:31  SCV  
  40  3:41  SCV  
  40  3:43  Supply Depot, SCV  
  40  3:46  Cyclone  
  45  3:53  SCV  
  46  3:57  Command Center  
  46  4:05  Cyclone, SCV  
  46  4:06  SCV  
  46  4:09  Supply Depot  
  51  4:17  SCV  
  51  4:18  SCV  
  51  4:20  Refinery  
  53  4:28  Refinery  
  53  4:29  SCV  
  57  4:31  Cyclone  
  57  4:36  SCV  
  57  4:37  Cyclone  
  49  4:41  SCV  
  47  4:48  SCV  
  47  4:56  SCV  
  47  5:06  SCV  
  48  5:09  SCV  
  49  5:18  Cyclone, SCV  
  49  5:21  SCV  
  49  5:30  SCV  
  49  5:33  SCV  
  51  5:38  Cyclone  
  54  5:42  SCV  
  54  5:45  SCV  
  56  5:55  SCV  
  48  5:57  SCV  
  48  6:01  Factory  
  48  6:02  Barracks Tech Lab  
  50  6:04  Orbital Command  
  50  6:05  Supply Depot  
  50  6:07  SCV  
  50  6:08  Hellion  
  50  6:09  SCV  
  50  6:10  Hellion  
  55  6:19  SCV  
  55  6:20  Starport  
  55  6:21  SCV  
  57  6:27  Barracks Reactor  
  57  6:28  Supply Depot  
  57  6:29  Orbital Command  
  57  6:30  Hellion  
  57  6:31  SCV  
  57  6:32  Hellion  
  62  6:33  SCV  
  63  6:43  SCV  
  63  6:45  SCV  
  65  6:51  Siege Tank  
  65  6:52  Infernal Pre-Igniter, Hellion  
  65  6:53  Hellion  
  72  6:55  SCV  
  72  6:57  SCV x2  
  75  7:06  Engineering Bay  
  75  7:07  SCV, Viking  
  78  7:08  Viking  
  78  7:09  SCV  
  81  7:16  Hellion x2  
  81  7:18  SCV  
  81  7:19  SCV  
  87  7:37  SCV x3  
  92  7:46  Supply Depot  
  92  7:47  Siege Tank, Medivac x2  
  92  7:49  Supply Depot  
  92  7:50  Supply Depot x2  
  101  7:52  SCV  
  101  7:54  Barracks Tech Lab  
  101  7:56  SCV  
  101  7:57  Refinery, Factory  
  101  7:58  Refinery, SCV  
  100  8:04  SCV  
  101  8:06  Missile Turret  
  101  8:08  SCV  
  101  8:09  Missile Turret  
  101  8:11  Missile Turret  
  101  8:13  SCV  
  101  8:16  SCV  
  99  8:22  SCV  
  99  8:24  Siege Tank  
  99  8:25  SCV  
  103  8:28  SCV  
  103  8:32  Hellion  
  108  8:34  Hellion  
  109  8:41  SCV x2  
  109  8:44  SCV  
  111  8:49  Armory x2  
  111  8:55  SCV  
  112  8:58  Siege Tank, Factory Tech Lab  
  112  8:59  SCV  
  112  9:02  SCV  
  117  9:04  Siege Tank  
  117  9:07  SCV  
  117  9:08  Viking  
  119  9:13  Viking  
  119  9:14  SCV  
  119  9:16  SCV  
  121  9:30  Siege Tank  
  121  9:31  Hellion  
  118  9:32  SCV  
  118  9:34  SCV  
  118  9:36  Siege Tank  
  118  9:37  Hellion  
  123  9:41  SCV  
  116  9:50  Command Center  
  116  9:52  SCV x2  
  110  9:53  SCV  
  110  9:54  Viking  
  110  9:55  Viking  
  115  10:00  Terran Vehicle And Ship Armor Level 1, Terran Vehicle Weapons Level 1  
  115  10:02  Siege Tank, Hellion  
  115  10:04  Hellion  
  122  10:11  Supply Depot  
  122  10:15  Siege Tank, Supply Depot  
  122  10:16  Supply Depot  
  122  10:18  Supply Depot  
  122  10:19  SCV x2  
  122  10:20  SCV  
  128  10:25  Barracks Reactor  
  128  10:26  Factory  
  128  10:30  Factory  
  128  10:31  SCV  
  128  10:32  Hellion  
  128  10:33  Hellion  
  128  10:34  Viking  
  135  10:39  Viking  
  135  10:41  Siege Tank  
  136  10:54  Siege Tank  
  139  10:58  Starport  
  139  11:02  Starport, Command Center  
  139  11:03  Hellion  
  141  11:04  Refinery  
  141  11:05  Hellion  
  141  11:06  Orbital Command  
  141  11:09  Viking  
  145  11:11  Factory Tech Lab  
  145  11:14  Viking  
  145  11:18  SCV x3  
  150  11:24  Siege Tank  
  153  11:26  Siege Tank  
  155  11:33  Refinery, Command Center  
  155  11:39  Viking  
  149  11:41  Hellion  
  149  11:44  Viking  
  140  11:56  Siege Tank  
  140  11:57  Orbital Command, Hellion  
  140  11:58  Siege Tank  
  133  12:09  Viking  
  133  12:14  Viking  
  124  12:15  Hellion  
  124  12:16  Hellion  
  124  12:17  SCV  
  124  12:19  Hellion  
  127  12:26  Starport Reactor, Starport Tech Lab  
  127  12:27  SCV  
  127  12:28  Siege Tank  
  129  12:30  Siege Tank  
  129  12:32  Hellion  
  129  12:33  SCV  
  129  12:34  SCV x2  
  135  12:39  SCV  
  136  12:44  Thor  
  136  12:45  SCV  
  136  12:46  SCV x2, Hellion  
  136  12:49  Viking x2  
  151  12:52  Missile Turret  
  151  12:53  Refinery, Missile Turret  
  151  12:57  Viking  
  149  13:00  Siege Tank  
  149  13:02  Siege Tank, Hellion  
  149  13:04  SCV x3  
  149  13:05  SCV  
  145  13:14  Refinery, Missile Turret  
  145  13:15  Viking  
  145  13:16  SCV  
  148  13:20  Hellion x2  
  148  13:23  SCV x2  
  148  13:25  SCV  
  148  13:26  Hellion  
  157  13:27  Siege Tank  
  157  13:28  Terran Vehicle Weapons Level 2  
  157  13:30  Terran Vehicle And Ship Armor Level 2  
  157  13:32  Siege Tank  
  157  13:36  Hellion  
  157  13:39  Raven  
  157  13:40  Viking  
  157  13:41  SCV  
  164  13:45  Planetary Fortress  
  164  13:48  Viking  
  164  13:51  Viking  
  164  13:53  Refinery  
  164  13:54  SCV x2  
  168  13:56  Missile Turret  
  168  14:02  Viking  
  170  14:05  Refinery  
  170  14:10  Viking  
  170  14:14  Hellion  
  172  14:18  Viking  
  172  14:21  Viking  
  172  14:23  Siege Tank, Missile Turret, Hellion  
  172  14:24  Missile Turret x2  
  181  14:26  Liberator  
  181  14:27  Liberator  
  181  14:31  Siege Tank  
  181  14:33  Hellion  
  181  14:34  SCV  
  181  14:35  SCV  
  181  14:37  Sensor Tower  
  193  14:51  Siege Tank  
  192  14:54  Liberator  
  192  14:55  Siege Tank  
  192  14:58  Hellion  
  192  14:59  Viking  
  189  15:01  Viking  
  189  15:03  Siege Tank  
  194  15:11  Hellion  
  189  15:23  Siege Tank  
  189  15:26  Viking  
  194  15:45  Hellion  
  194  15:47  Refinery  
  193  15:55  Missile Turret  
Show
View Real Time Build Order
Export as new Build Order

llllllllllll Terran 

Build Orders: Reaper Expand, Mech 

Get SALT Encoding   

  12  0:00  SCV  
  13  0:12  SCV  
  14  0:16  Supply Depot  
  14  0:24  SCV  
  14  0:27  Refinery  
  15  0:38  SCV  
  16  0:44  Barracks  
  16  0:50  SCV  
  17  1:02  SCV  
  18  1:14  SCV  
  19  1:31  Orbital Command, Reaper  
  20  1:45  Command Center  
  20  1:57  SCV  
  20  1:59  Factory  
  21  2:05  Barracks Reactor  
  21  2:10  Supply Depot  
  21  2:13  SCV  
  22  2:19  Refinery  
  22  2:26  SCV  
  23  2:38  SCV  
  23  2:42  Marine x2  
  26  2:45  Starport  
  26  2:46  Hellion  
  26  2:50  SCV  
  29  2:57  Orbital Command  
  29  3:02  SCV  
  29  3:03  Marine  
  29  3:04  Marine  
  32  3:10  Widow Mine  
  34  3:14  SCV  
  35  3:20  Bunker  
  35  3:22  Medivac  
  35  3:24  SCV  
  35  3:26  SCV  
  39  3:30  Marine x2  
  41  3:37  Supply Depot  
  41  3:38  Factory Tech Lab  
  41  3:39  SCV  
  42  3:42  SCV  
  42  3:48  Marine x2  
  43  3:51  SCV  
  46  3:59  SCV  
  46  4:00  Supply Depot  
  46  4:02  Factory Tech Lab  
  47  4:04  SCV  
  47  4:05  Raven  
  47  4:06  Marine x2  
  52  4:11  SCV  
  53  4:20  SCV  
  53  4:23  SCV  
  55  4:24  Marine x2  
  56  4:35  Siege Tank  
  56  4:36  SCV x2  
  58  4:42  Marine x2  
  59  4:48  SCV  
  57  4:58  Raven  
  57  5:00  SCV, Marine  
  57  5:01  Marine  
  53  5:12  SCV  
  52  5:20  Supply Depot x2  
  48  5:30  Orbital Command  
  48  5:34  Orbital Command  
  48  5:35  Supply Depot  
  45  5:36  Supply Depot, Marine  
  45  5:41  SCV, Marine  
  46  5:53  SCV  
  46  5:54  Marine  
  45  5:59  Marine  
  45  6:01  Command Center  
  45  6:02  SCV  
  47  6:04  Siege Tank  
  50  6:11  Marine  
  50  6:13  Cloaking Field, Banshee  
  54  6:20  Bunker  
  54  6:21  SCV x2  
  56  6:30  Marine x2  
  58  6:33  SCV x2  
  58  6:36  Refinery  
  58  6:37  Siege Tank, Refinery  
  63  6:45  SCV x2  
  65  6:48  Marine x2  
  65  6:49  Supply Depot  
  67  6:56  Banshee  
  67  6:57  SCV  
  67  6:58  Armory, SCV  
  72  7:06  Marine x2  
  74  7:10  SCV x2  
  74  7:15  Orbital Command, Supply Depot  
  76  7:19  Factory  
  76  7:22  SCV x2  
  74  7:35  SCV  
  74  7:36  SCV  
  73  7:40  Orbital Command  
  73  7:47  Factory  
  73  7:49  Hellion x2  
  73  7:50  SCV x2, Terran Vehicle Weapons Level 1  
  79  7:54  Starport Reactor  
  79  7:58  Refinery  
  79  7:59  Armory  
  79  8:04  SCV x2  
  81  8:08  Refinery  
  81  8:10  Hellion  
  81  8:11  Hellion  
  85  8:13  SCV  
  85  8:16  SCV x2  
  88  8:20  Siege Tank  
  88  8:25  SCV  
  89  8:28  SCV  
  89  8:29  SCV  
  89  8:33  Siege Tank  
  89  8:34  Hellion x2  
  98  8:37  Viking x2  
  98  8:38  Supply Depot, SCV  
  98  8:40  SCV  
  98  8:41  SCV  
  105  8:44  Factory  
  105  8:45  Factory  
  105  8:50  SCV  
  105  8:51  Terran Vehicle And Ship Armor Level 1  
  105  8:52  Siege Tank  
  109  8:58  Supply Depot  
  109  8:59  Supply Depot  
  109  9:00  SCV  
  109  9:02  Infernal Pre-Igniter, Hellion x2  
  104  9:25  Siege Tank x2  
  104  9:26  SCV  
  104  9:27  SCV  
  103  9:36  SCV  
  103  9:37  Hellion x2  
  103  9:38  SCV  
  103  9:39  Factory Reactor, SCV, Factory Tech Lab  
  94  9:48  SCV  
  94  9:51  SCV x2  
  95  9:55  Command Center  
  95  9:57  Hellion x7  
  95  9:59  Command Center  
  95  10:00  SCV  
  95  10:02  Hellbat, Hellion  
  95  10:03  SCV x2  
  95  10:04  Viking x2  
  95  10:05  Siege Tank x2  
  112  10:12  SCV  
  113  10:15  SCV  
  113  10:17  Hellion x2  
  118  10:22  Hellion x2  
  118  10:23  SCV  
  118  10:24  SCV  
  118  10:26  Hellion x2  
  118  10:27  SCV  
  124  10:29  Supply Depot  
  124  10:36  Engineering Bay  
  124  10:38  Supply Depot  
  124  10:39  Terran Vehicle Weapons Level 2  
  124  10:41  SCV  
  124  10:42  SCV  
  126  10:48  Terran Vehicle And Ship Armor Level 2  
  125  10:54  Viking x2  
  129  11:07  Siege Tank  
  129  11:08  Siege Tank x2  
  129  11:09  Hellion  
  140  11:13  SCV x3  
  143  11:21  Planetary Fortress  
  143  11:24  Hellion x2  
  147  11:30  SCV x3  
  143  11:42  Orbital Command  
  143  11:43  SCV x2  
  143  11:44  SCV  
  137  11:58  Viking x2  
  137  11:59  SCV x4  
  133  12:03  Hellion  
  133  12:04  Hellion  
  137  12:11  SCV  
  117  12:20  Hellion x2  
  117  12:21  SCV x2  
  106  12:23  Liberator  
  106  12:28  SCV x2  
  108  12:32  Starport x2  
  106  12:40  Viking  
  106  12:42  Hellion x4  
  106  12:43  SCV x3  
  122  12:46  SCV x2  
  119  13:00  SCV x3  
  122  13:11  Hellion x3  
  117  13:13  Siege Tank x3  
  117  13:14  Starport Tech Lab  
  117  13:15  Starport Tech Lab  
  117  13:16  Fusion Core, Terran Ship Weapons Level 1  
  117  13:17  Terran Vehicle Weapons Level 3  
  117  13:18  SCV x3  
  127  13:35  Refinery, SCV x4  
  127  13:36  Refinery, SCV  
  127  13:38  Refinery x2  
  127  13:39  Hellion x4  
  140  13:47  SCV  
  141  13:52  Sensor Tower  
  141  13:53  Sensor Tower  
  141  13:55  Raven x2, Viking  
  147  14:05  Command Center  
  147  14:08  SCV x3  
  150  14:12  Siege Tank x2  
  152  14:20  Hellion x4  
  152  14:22  Advanced Ballistics  
  160  14:28  Viking  
  160  14:29  Viking  
  163  14:40  Viking x2  
  167  14:47  Command Center  
  163  15:00  Siege Tank x3, Hellion  
  163  15:01  Hellion x3  
  163  15:03  Liberator x2  
  175  15:22  Hellion  
  179  15:44  Hellion  
  179  15:45  Hellion  
  179  15:46  Hellion x2  
Tags
 
Add a new tag
Caveats
  • Supply blocks, unpowered buildings, or Contaminate may cause inaccurate times.
  • Supply counts are checked every 10 seconds.